 Dungeon Crawl Stone Soup version 0.27-a0-1559-g299f9947c5 (webtiles) character file.

Game seed: 14151130307919084839

1446 Mitsuki the Slasher (level 8, -2/70 HPs)
             Began as a Minotaur Fighter on July 15, 2021.
             Was an Initiate of the Shining One.
             Slain by Pikel (10 damage)
             ... on level 5 of the Dungeon on July 16, 2021.
             The game lasted 00:10:45 (5754 turns).

Mitsuki the Slasher (Minotaur Fighter)              Turns: 5754, Time: 00:10:46

Health: -2/70      AC: 15    Str: 21    XL:     8   Next: 46%
Magic:  8/8        EV:  4    Int:  6    God:    the Shining One [......]
Gold:   217        SH: 10    Dex: 11    Spells: 7/7 levels left

rFire    . . .     SeeInvis .   a - +0 long sword
rCold    + . .     Faith    .   c - +0 kite shield
rNeg     . . .     Spirit   .   r - +0 plate armour
rPois    +         Reflect  .   (helmet restricted)
rElec    .         Harm     .   v - +0 cloak {rPois}
rCorr    .         Rampage  .   u - +0 pair of gloves
Will     .....                  (no boots)
Stlth    ..........             (no amulet)
HPRegen  0.21/turn              s - ring of protection from cold
MPRegen  0.11/turn              (no ring)

@: glowing
A: horns 2, retaliatory headbutt
a: Renounce Religion


You were on level 5 of the Dungeon.
You worshipped the Shining One.
The Shining One was noncommittal.
You visited 2 branches of the dungeon, and saw 7 of its levels.
You also visited: Sewer.

You collected 217 gold pieces.

Inventory:

Hand Weapons
 a - a +0 long sword (weapon)
Armour
 c - a +0 kite shield (worn)
 r - a +0 plate armour (worn)
 u - a +0 pair of gloves (worn)
 v - a +0 cloak of poison resistance (worn)
Jewellery
 s - a ring of protection from cold (left hand)
Wands
 n - a wand of polymorph (3)
Scrolls
 b - a scroll of blinking {unknown}
 e - 4 scrolls of identify
 i - 2 scrolls of amnesia
 j - 3 scrolls of teleportation
 t - a scroll of holy word {unknown}
Potions
 d - a potion of lignification {unknown}
 f - 4 potions of curing
 g - 2 potions of brilliance
 h - a potion of might
 k - a potion of resistance
 l - a potion of heal wounds {unknown}
 m - a potion of mutation {unknown}
 o - a potion of flight {unknown}
 p - a potion of degeneration {unknown}
 q - a potion of haste
 w - a potion of magic {unknown}


   Skills:
 + Level 6.2 Fighting
 * Level 7.6 Long Blades
 + Level 6.3 Armour
 + Level 6.1 Shields
 + Level 1.7 Invocations
 + Level 3.2 Evocations


You had 7 spell levels left.
You didn't know any spells.
Your spell library contained the following spells:

 Spells                   Type           Power      Damage    Failure   Level
 Stone Arrow              Conj/Erth      0%         3d7       100%        3
 Animate Dead             Necr           0%         N/A       100%        4
 Bolt of Magma            Conj/Fire/Erth 0%         4d4       100%        5
 Borgnjor's Vile Clutch   Necr/Erth      0%         N/A       100%        5
 Death Channel            Necr           0%         N/A       100%        6
 Shatter                  Erth           0%         3d5*      100%        9


Dungeon Overview and Level Annotations

Branches:
Dungeon (6/15)             Temple (1/1) D:4           Sewer (visited)

Altars:
Ashenzari
Cheibriados
Dithmenos
Elyvilon
Fedhas
Gozag
Hepliaklqana
Kikubaaqudgha
Makhleb
Nemelex Xobeh
Okawaru
Qazlal
Sif Muna
Trog
Uskayaw
Vehumet
Wu Jian
Xom
Yredelemnul
Zin
The Shining One

Shops:
D:5 (

Annotations:
D:5 Pikel


Innate Abilities, Weirdness & Mutations

You have a pair of horns on your head.
You reflexively headbutt those who attack you in melee.


Message History

You take 7 damage, and have 45/70 hp.
You hit Pikel. You headbutt Pikel!
Pikel is moderately wounded.
You block the lemure's attack. x2; Pikel hits you but does no damage.
The lemure hits you but does no damage. x2
You closely miss Pikel.
Pikel is moderately wounded.
The lemure barely misses you.
Pikel hits you with a +2 whip of electrocution.
You are electrocuted!
You block the lemure's attack. The lemure hits you but does no damage.
The lemure hits you. You block Pikel's attack.
You take 20 damage, and have 25/70 hp.
MASSIVE DAMAGE!!
You barely miss Pikel.
Pikel is moderately wounded.
You block the lemure's attack. x2; The lemure hits you but does no damage.
Pikel hits you with a +2 whip of electrocution.
You are electrocuted!
* * * LOW HITPOINT WARNING * * *
You block the lemure's attack.
You take 18 damage, and have 7/70 hp.
MASSIVE DAMAGE!!
The lemure hits you but does no damage. The lemure hits you but does no damage.
Pikel says, "Hell isn't that bad."
The lemure barely misses you. You furiously retaliate!
You headbutt the lemure.
You riposte.
You hit the lemure.
The lemure is severely wounded.
You hit the lemure. You headbutt the lemure.
The lemure is almost dead.
The lemure hits you but does no damage.
You miss the lemure.
You headbutt the lemure, but do no damage.
The lemure is almost dead.
The lemure hits you.
* * * LOW HITPOINT WARNING * * *
You take 4 damage, and have 6/70 hp.
You see here a +0 dagger.
There is a stone staircase leading up here.
Pikel hits you with a +2 whip of electrocution!
You die...

#................
#................
######................
#.....................
###.####..............
#.####..............
#.##..55...........#
###.##K5.....#.....###
#....@<)...###........
######.)...###........
#.#..............
#.#..............
#.#...##.........
#.######.######..
#.#......### #..
#.#........# #..
#........#.####..


You could see Pikel and 3 lemures.

Vanquished Creatures
  Sigmund (D:4)
  A water moccasin (Sewer)
  Duvessa (D:4)
  An ice beast (D:6)
  2 black bears
  A sky beast (D:5)
  An ogre (D:4)
  A lemure (D:6)
  A bullfrog (D:4)
  2 scorpions
  Dowan (Temple)
  3 hounds
  Crazy Yiuf (D:4)
  3 iguanas (D:4)
  Ijyb (D:3)
  A hound skeleton (D:4)
  4 gnolls
  4 adders
  2 river rats (D:4)
  An adder skeleton (D:4)
  4 orcs (D:5)
  10 bats
  2 endoplasms
  3 giant cockroaches
  6 goblins
  5 hobgoblins
  6 jackals
  5 quokkas
  4 ball pythons
  4 frilled lizards
  4 kobolds
  7 rats
93 creatures vanquished.

Vanquished Creatures (others)
  2 fungi (D:4)
  4 plants (D:4)
6 creatures vanquished.

Grand Total: 99 creatures vanquished

Notes
Turn   | Place    | Note
-------+----------+-------------------------------------------
     0 | D:1      | Mitsuki the Minotaur Fighter began the quest for the Orb.
     0 | D:1      | Reached XP level 1. HP: 19/19 MP: 0/0
   116 | D:1      | HP: 1/20 [jackal (3)]
   121 | D:1      | Reached XP level 2. HP: 2/27 MP: 1/1
   446 | D:1      | Reached skill level 3 in Long Blades
   909 | D:1      | Reached XP level 3. HP: 33/33 MP: 2/2
  1243 | D:2      | Found a shadowy altar of Dithmenos.
  1989 | D:3      | Noticed Ijyb
  2007 | D:3      | Killed Ijyb
  2008 | D:3      | Reached skill level 4 in Long Blades
  2008 | D:3      | Reached XP level 4. HP: 34/40 MP: 3/3
  2719 | D:3      | Upgraded the game from 0.27-a0-1555-g0e7b3fb1d2 to
                  | 0.27-a0-1559-g299f9947c5
  2760 | D:4      | Noticed Sigmund
  2768 | D:4      | Killed Sigmund
  2769 | D:4      | Reached skill level 1 in Evocations
  2769 | D:4      | Reached XP level 5. HP: 27/47 MP: 4/4
  2813 | D:4      | Reached XP level 6. HP: 39/55 MP: 5/5
  2823 | D:4      | Reached skill level 5 in Long Blades
  2841 | D:4      | Reached skill level 5 in Armour
  2849 | D:4      | Reached skill level 5 in Fighting
  2849 | D:4      | Reached skill level 5 in Shields
  2860 | D:4      | Found a glowing drain.
  2872 | Sewer    | Entered a sewer
  2993 | Sewer    | Noticed a water moccasin
  3008 | Sewer    | Killed a water moccasin
  3009 | Sewer    | Reached XP level 7. HP: 12/61 MP: 6/6
  3014 | Sewer    | HP: 3/61 [poisoned by a water moccasin]
  3016 | Sewer    | HP: 1/61 [poisoned by a water moccasin]
  3480 | D:4      | Reached skill level 6 in Long Blades
  3742 | D:4      | Found a staircase to the Ecumenical Temple.
  3754 | D:4      | Noticed Duvessa
  3760 | Temple   | Entered the Ecumenical Temple
  3996 | Temple   | Became a worshipper of the Shining One
  4038 | D:4      | Noticed Dowan
  4126 | D:4      | Killed Duvessa
  4346 | Temple   | Killed Dowan
  4347 | Temple   | Reached XP level 8. HP: 35/70 MP: 7/7
  4898 | D:4      | Found a runed translucent door.
  4899 | D:4      | Noticed Crazy Yiuf
  4905 | D:4      | Killed Crazy Yiuf
  4906 | D:4      | Reached skill level 7 in Long Blades
  4906 | D:4      | Reached skill level 1 in Invocations
  4971 | D:5      | Entered Level 5 of the Dungeon
  5374 | D:5      | Found Zoda's Antique Weapon Emporium.
  5383 | D:5      | Noticed Pikel
  5754 | D:5      | Slain by Pikel

Illustrated notes

Levels and vault maps discovered:
D:1:      ncdulo_wetmaze, layout_basic, dk_noncrumbling_4
D:2:      layout_basic, basic_altar, corexii_hall_statues_u,
          minmay_misc_feat_plants
D:3:      layout_basic, serial_glass, glass_columns_a, glass_columns_a,
          glass_columns_b, glass_columns_a, uniq_ijyb
D:4:      layout_basic, minmay_temple_entry_overgrown, portal_sewer_entry_e,
          uniq_sigmund, uniq_crazy_yiuf_cottage, uniq_duvessa
D:5:      minmay_evil_eye, layout_basic, serial_shops, shop,
          minmay_misc_feat_encased, uniq_pikel, uniq_edmund
D:6:      layout_gridville
Temple:   kilobyte_greek_temple

Skill      XL: |  1  2  3  4  5  6  7  8 |
---------------+-------------------------+-----
Long Blades    | 3 4 5 6 7 |  7.6
Shields        | 4 5 6 |  6.1
Fighting       | 4 5 6 |  6.2
Armour         | 4 5 6 |  6.3
Evocations     | 1 2 3 |  3.2
Invocations    | 1 |  1.7

Action                   |  1- 3 |  4- 6 |  7- 9 || total
-------------------------+-------+-------+-------++-------
Melee: Long sword        |    77 |    67 |   170 ||   314
       Headbutt          |     9 |    10 |    41 ||    60
       Unarmed           |    11 |       |       ||    11
  Use: Potion            |       |     1 |       ||     1
       Scroll            |       |     3 |       ||     3
Armor: Scale mail        |    41 |    46 |       ||    87
       Plate armour      |       |       |   131 ||   131
Dodge: Dodged            |    36 |    24 |    35 ||    95
Block: Kite shield       |    40 |    42 |   121 ||   203
       Rpst.: Long sword |     9 |    11 |    13 ||    33

Table legend: (Time is in decaauts)
 A = Elapsed time spent in this place.
 B = Non-inter-level travel time spent in this place.
 C = Inter-level travel time spent in this place.
 D = Time resting spent in this place.
 E = Time spent auto-exploring this place.
 F = Levels seen in this place.
 G = Mean time per level.
                   A        B        C        D        E       F      G
               +--------+--------+--------+--------+--------+-----+--------+
         Total |   5874 |   5626 |    248 |   1018 |   3760 |   8 |  734.2 |
       Dungeon |   4641 |   4469 |    172 |    294 |   3418 |   6 |  773.5 |
        Temple |    728 |    652 |     76 |    428 |    189 |   1 |  728.0 |
         Sewer |    504 |    504 |      0 |    296 |    153 |   1 |  504.0 |
               +--------+--------+--------+--------+--------+-----+--------+

Top non-repeatable levels by time:
     D:1: 1167 daAuts
     D:4: 1026 daAuts
     D:3: 951 daAuts
  Temple: 728 daAuts
     D:2: 693 daAuts
   Sewer: 504 daAuts
     D:5: 477 daAuts
     D:6: 323 daAuts
